 Dungeon Crawl Stone Soup version 0.29.1-13-g9f3cf754e1 (webtiles) character file.

Game seed: 6647007650461799611

51 DildoBatman the Conjurer (level 4, 0/32 HPs)
             Began as a Formicid Conjurer on Jan 23, 2023.
             Succumbed to an adder's poison
             ... on level 2 of the Dungeon.
             The game lasted 00:02:38 (1285 turns).

DildoBatman the Conjurer (Formicid Conjurer)        Turns: 1285, Time: 00:02:38

Health: 0/32       AC:  2    Str: 12    XL:     4   Next: 7%
Magic:  2/8        EV: 12    Int: 19    God:
Gold:   142        SH:  0    Dex: 12    Spells: 5/8 levels left

rFire   . . .      SeeInvis +   j - +1 short sword (venom)
rCold   + . .      Faith    .   (no shield)
rNeg    . . .      Spirit   .   a - +0 robe
rPois   .          Reflect  .   (helmet unavailable)
rElec   .          Harm     .   (no cloak)
rCorr   .          Rampage  .   (no gloves)
Will    .....                   (no boots)
Stlth   ++........              r - amulet of regeneration
HPRegen 0.90/turn               m - ring of protection from cold
MPRegen 0.11/turn               (no ring)

@: lethally poisoned (0 -> -4)
A: permanent stasis, dig shafts and tunnels, antennae 3, four strong arms
a: Dig, Shaft Self


You were on level 2 of the Dungeon.
You visited 1 branch of the dungeon, and saw 2 of its levels.

You collected 142 gold pieces.

Inventory:

Hand Weapons
 h - a +0 dagger
 j - a +1 short sword of venom (weapon)
Armour
 a - a +0 robe (worn)
 o - a scarf of shadows
Jewellery
 m - a ring of protection from cold (left hand)
 r - an amulet of regeneration (around neck)
Scrolls
 d - 4 scrolls of identify {unknown}
 e - a scroll of butterflies {unknown}
 g - a scroll of immolation {unknown}
 i - a scroll of enchant armour {unknown}
 l - a scroll of teleportation {unknown}
 n - a scroll of vulnerability {unknown}
 p - 3 scrolls of enchant weapon {unknown}
Potions
 b - a potion of magic
 c - a potion of curing {unknown}
 f - a potion of might {unknown}
 k - a potion of attraction {unknown}


   Skills:
 * Level 1.4 Fighting
 * Level 1.5 Armour
 - Level 2.0 Dodging
 - Level 2.4 Stealth
 * Level 2.7 Spellcasting
 * Level 3.9 Conjurations


You had 5 spell levels left.
You knew the following spells:

 Your Spells              Type           Power      Damage    Failure   Level
a - Searing Ray           Conj           34%        2d5       4%          2
c - Magic Dart            Conj           68%        1d6       3%          1

Your spell library contained the following spells:

 Spells                   Type           Power      Damage    Failure   Level
 Dazzling Flash           Conj/Hex       20%        N/A       21%         3
 Fulminant Prism          Conj/Hex       5%         3d7       56%         4
 Iskenderun's Mystic Bla  Conj/Tloc      10%        2d4       56%         4


Dungeon Overview and Level Annotations

Branches:
Dungeon (2/15)

Altars:

Annotations:
D:2 Jessica, Natasha


Innate Abilities, Weirdness & Mutations

You cannot be hasted, slowed, berserked, paralysed or teleported.
You can dig through walls and to a lower floor.
You have a pair of large antennae on your head. (SInv)
Your four strong arms can wield two-handed weapons with a shield.


Message History

The adder bites you.
Casting: Magic Dart (safe; 3% risk of failure)
Confirm with . or Enter, or press ? or * to list all spells.
Aiming: Magic Dart (safe; 3% risk of failure)
Press: ? - help, Shift-Dir - straight line, f/p - adder
Aim: an adder (moderately wounded, very poisoned, 100% to hit)
The magic dart hits the adder.
The adder is heavily wounded.
You feel sick. The adder barely misses you.
Casting: Magic Dart (safe; 3% risk of failure)
Confirm with . or Enter, or press ? or * to list all spells.
Aiming: Magic Dart (safe; 3% risk of failure)
Press: ? - help, Shift-Dir - straight line, f/p - adder
Aim: an adder (heavily wounded, poisoned, 100% to hit)
The magic dart hits the adder but does no damage.
The adder is heavily wounded.
You feel sick. The adder bites you. x2
You are lethally poisoned!
The adder poisons you!
Casting: Magic Dart (safe; 3% risk of failure)
Confirm with . or Enter, or press ? or * to list all spells.
Aiming: Magic Dart (safe; 3% risk of failure)
Press: ? - help, Shift-Dir - straight line, f/p - adder
Aim: an adder (heavily wounded, poisoned, 100% to hit)
The magic dart hits the adder.
The adder is almost dead.
You feel sick.
You kill the adder!
You have reached level 4!
You feel stronger. What are your orders? t - Shout!
Orders for allies: a - Attack new target. r - Retreat! s - Stop attacking. g - Guard the area. f - Follow me.
Anything else - Cancel.
You shout for attention!
You die...

....... ... .
##........!...## .###
.......... ..... ....
.......... ...###...##
.........##+ .........
##....!..##.##.#$##.####
#.......##.........)...
.##....####.......####
..#...........@†......
#.#....#.#######...###
## .#....#.# ....#
.##+#....#.# ##.#
........##.# #
........##.#
........'..#{
........#### ........#


There were no monsters in sight!

Vanquished Creatures
  2 adders (D:2)
  A worm (D:2)
  A ball python (D:1)
  An endoplasm (D:2)
  A giant cockroach (D:1)
  2 hobgoblins (D:1)
  2 jackals (D:2)
  3 quokkas (D:1)
  4 bats
  3 frilled lizards
  3 goblins
  2 kobolds (D:1)
  9 rats
34 creatures vanquished.

Notes
Turn   | Place    | Note
-------+----------+-------------------------------------------
     0 | D:1      | DildoBatman the Formicid Conjurer began the quest for the
                  | Orb.
     0 | D:1      | Reached XP level 1. HP: 13/13 MP: 3/3
     4 | D:1      | Found a faded altar of an unknown god.
   318 | D:1      | Reached XP level 2. HP: 19/20 MP: 3/5
   327 | D:1      | Learned a level 2 spell: Searing Ray
   661 | D:1      | Reached skill level 1 in Armour
   997 | D:2      | Reached skill level 1 in Fighting
   997 | D:2      | Reached XP level 3. HP: 26/26 MP: 4/6
  1124 | D:2      | Noticed Jessica
  1172 | D:2      | Noticed Natasha
  1284 | D:2      | HP: 1/26 [poisoned by an adder]
  1285 | D:2      | Reached XP level 4. HP: 1/32 MP: 2/8
  1285 | D:2      | Succumbed to an adder's poison

Illustrated notes

Levels and vault maps discovered:
D:1:      erik_arrival_orb_chamber, layout_loops_cross, serial_co_window_serial,
          co_window_paths_b, co_window_paths_a, co_window_cross_1,
          co_window_corner_a, co_window_of_opportunity_a, co_window_corner_ca,
          co_window_of_opportunity_c, co_window_of_opportunity_b,
          co_window_of_opportunity_c, co_window_corner_b,
          co_window_of_opportunity_c, co_window_4corner_a, glass_columns_b,
          glass_columns_a, glass_columns_a, basic_ecumenical_altar,
          moated_statue, minmay_3d_cube
D:2:      layout_basic, uniq_jessica, uniq_natasha

Skill      XL: |  1  2 |
---------------+-------+-----
Dodging        | 2 |  2.0
Armour         | 1 |  1.5
Fighting       | 1 |  1.4
Stealth        | |  2.4
Spellcasting   | |  2.7
Conjurations   | |  3.9

Action                   |  1- 3 |  4- 6 || total
-------------------------+-------+-------++-------
Melee: Dagger            |    32 |       ||    32
       Short sword       |    44 |       ||    44
       Punch             |     2 |       ||     2
 Cast: Magic Dart        |    26 |       ||    26
 Stab: Sleeping          |     1 |       ||     1
Armor: Robe              |    12 |       ||    12
Dodge: Dodged            |    50 |       ||    50
